[Event "Titled Tuesday Blitz May 16 Early 2023"]
[White "Maxfan2008"]
[Black "Bogaudinov, Rushan"]
[BlackFideId "4129288"]
[WhiteElo "2531"]
[BlackElo "1941"]
[Result "1-0"]
[Round "11"]
[TimeControl "180+2"]
[Date "2023.05.16"]
[WhiteClock "0:01:06"]
[BlackClock "0:00:06"]

1. d4 d5 2. c4 e6 3. Nc3 Nf6 4. cxd5 exd5 5. Bg5 Be7 6. e3 O-O 7. Bd3 c6 8. Qc2 h6 9. Bh4 Nbd7 10. h3 Nh5 11. Bxe7 Qxe7 12. O-O-O Nhf6 13. Nf3 a5 14. Kb1 a4 15. g4 Nb6 16. Rdg1 Nfd7 17. h4 c5 18. h5 a3 19. g5 hxg5 20. Nxg5 cxd4 21. h6 g6 22. Nxf7 Kxf7 23. Bxg6+ Ke6 24. Nb5 Nc5 25. exd4 Ne4 26. Bxe4 dxe4 27. Rg6+ Kd7 28. Qc7+ Ke8 29. Nd6+ Qxd6 30. Rxd6 Bf5 31. Rxb6 e3+ 32. Ka1 axb2+ 33. Rxb2 exf2 34. Qe5+ Kd7 35. Rxb7+ Kc6 36. Qb5+ Kd6 37. Qc5+ Ke6 38. Re7+ Kf6 39. Qe5+ Kg5 40. Rg7# 1-0


[Site "https://www.chess.com"]

[Event "Titled Tuesday Blitz May 16 Early 2023"]
[White "Tomiello, Mateus Costamilan"]
[Black "Blokhin, Sofia"]
[WhiteFideId "22701958"]
[BlackFideId "4508190"]
[WhiteElo "1990"]
[BlackElo "1994"]
[Result "0-1"]
[Round "11"]
[TimeControl "180+2"]
[Date "2023.05.16"]
[WhiteClock "0:00:00"]
[BlackClock "0:00:04"]

1. e4 c5 2. Nf3 e6 3. d4 cxd4 4. Nxd4 a6 5. c4 Nf6 6. Nc3 Bb4 7. Nc2 Bxc3+ 8. bxc3 Nc6 9. Ba3 Nxe4 10. Qg4 Nf6 11. Qxg7 Rg8 12. Qh6 d6 13. O-O-O d5 14. cxd5 exd5 15. Bd3 Be6 16. Rhe1 Ng4 17. Qxh7 Qg5+ 18. Kb1 O-O-O 19. h4 Qf6 20. Be2 Bf5 21. Qh5 Rg6 22. Bc1 Rh8 23. Bg5 Rxh5 24. Bxf6 Rxf6 25. Bxg4 Bxg4 26. f3 Bf5 27. Rh1 Bxc2+ 28. Kxc2 Rfh6 29. g3 Ne5 30. Rdf1 Nc4 31. Kd3 f5 32. Kd4 f4 33. g4 Rxh4 34. Rxh4 Rxh4 35. Re1 Rh3 36. Kxd5 Ne3+ 37. Ke4 Rh2 38. Ra1 Ng2 39. g5 Rh5 40. Kf5 Kd7 41. Rg1 Ne3+ 42. Kxf4 Nd5+ 43. Kg4 Rh8 44. c4 Ne3+ 45. Kf4 Nxc4 46. g6 Rg8 47. Kg5 Ne5 48. Kf6 Nxf3 49. Rg3 Nh4 50. g7 b5 51. Rh3 Nf5 52. Kxf5 Rxg7 53. Rh6 Rf7+ 54. Ke5 Rf2 55. Rxa6 Kc7 56. Kd5 Kb7 57. Ra3 Kb6 58. Kd4 b4 59. Ra8 Kb5 60. Rb8+ Ka4 61. Kc4 Rc2+ 62. Kd3 Rxa2 63. Kc4 Rc2+ 64. Kd3 Rc6 65. Kd2 Kb3 66. Rh8 Rc2+ 67. Kd1 Rc3 68. Rh2 Rd3+ 0-1


[Site "https://www.chess.com"]

[Event "Titled Tuesday Blitz May 16 Early 2023"]
[White "Lesbekova, Assel"]
[Black "Arat, Ufuk Sezen"]
[WhiteFideId "13713248"]
[BlackFideId "6309089"]
[WhiteElo "1805"]
[BlackElo "2289"]
[Result "1-0"]
[Round "11"]
[TimeControl "180+2"]
[Date "2023.05.16"]
[WhiteClock "0:00:23"]
[BlackClock "0:00:02"]

1. e4 c5 2. Nf3 e6 3. d4 cxd4 4. Nxd4 Nc6 5. Nc3 Qc7 6. g3 a6 7. Bg2 Nf6 8. O-O Nxd4 9. Qxd4 Bc5 10. Qd3 d6 11. Bf4 h6 12. Rfd1 e5 13. Be3 Be6 14. a3 O-O 15. Bxc5 dxc5 16. Nd5 Bxd5 17. exd5 Qd6 18. c4 Nd7 19. Bh3 Rae8 20. Bxd7 Qxd7 21. b4 Rc8 22. d6 Rfd8 23. Qd5 cxb4 24. axb4 Qg4 25. Rac1 e4 26. c5 e3 27. Rd4 exf2+ 28. Kxf2 Qg6 29. Qe4 Qf6+ 30. Qf4 Qe6 31. Re1 Qb3 32. d7 Ra8 33. Re7 Qa2+ 34. Rd2 Qb3 35. Rde2 Kh7 36. Qf5+ g6 37. Rxf7+ Kh8 38. Qf6+ 1-0


[Site "https://www.chess.com"]

[Event "Titled Tuesday Blitz May 16 Early 2023"]
[White "Sailer, Mike"]
[Black "Bethke, Richard"]
[WhiteFideId "2012901"]
[BlackFideId "12959243"]
[WhiteElo "2109"]
[BlackElo "2369"]
[Result "0-1"]
[Round "11"]
[TimeControl "180+2"]
[Date "2023.05.16"]
[WhiteClock "0:00:00"]
[BlackClock "0:01:08"]

1. d4 Nf6 2. Bg5 d5 3. Bxf6 exf6 4. e3 Bd6 5. c4 dxc4 6. Bxc4 O-O 7. Nc3 b6 8. Nge2 Bb7 9. O-O f5 10. a4 Nc6 11. Nb5 Be7 12. Nf4 a6 13. Nc3 Na5 14. Bd3 g6 15. Qc2 Bd6 16. Nce2 Rc8 17. Rab1 c5 18. dxc5 Bxc5 19. Bxf5 gxf5 20. Qxf5 Qd6 21. Qg5+ Kh8 22. b4 Bxb4 23. Rxb4 Rg8 24. Qf5 Qxb4 25. Qf6+ Rg7 26. Nh5 Qg4 27. Neg3 Kg8 28. Nxg7 Qxg7 29. Qe7 h5 30. Rd1 Qg4 31. Rd8+ Rxd8 32. Qxd8+ Kg7 33. h3 Qg6 34. Qd4+ Kh7 35. Qe5 h4 0-1


[Site "https://www.chess.com"]

[Event "Titled Tuesday Blitz May 16 Early 2023"]
[White "Bryakin, Mikhail"]
[Black "Jodorcovsky Werjivker, Paulo"]
[WhiteFideId "4165314"]
[BlackFideId "3700305"]
[WhiteElo "2467"]
[BlackElo "2120"]
[Result "0-1"]
[Round "11"]
[TimeControl "180+2"]
[Date "2023.05.16"]
[WhiteClock "0:00:35"]
[BlackClock "0:01:04"]

1. e4 e5 2. Nf3 Nc6 3. Bb5 a6 4. Ba4 Nf6 5. O-O Be7 6. Re1 b5 7. Bb3 O-O 8. c3 d5 9. exd5 Nxd5 10. Nxe5 Nxe5 11. Rxe5 c6 12. d4 Bd6 13. Re1 Qh4 14. g3 Qh3 15. Nd2 Bg4 16. f3 Bxg3 17. hxg3 Qxg3+ 18. Kh1 Rae8 19. Re5 Rxe5 20. dxe5 Nf4 21. Qf1 Bh3 22. Ne4 Bg2+ 23. Kg1 Nh3# 0-1


[Site "https://www.chess.com"]

[Event "Titled Tuesday Blitz May 16 Early 2023"]
[White "Baches Garcia, Guillermo"]
[Black "Gritsenko, Nikolai"]
[WhiteFideId "2209764"]
[BlackFideId "14112493"]
[WhiteElo "2484"]
[BlackElo "2389"]
[Result "1-0"]
[Round "11"]
[TimeControl "180+2"]
[Date "2023.05.16"]
[WhiteClock "0:00:08"]
[BlackClock "0:00:19"]

1. e4 f6 2. d4 c6 3. c4 Na6 4. Nc3 g6 5. f4 Nh6 6. Nf3 d6 7. Bd3 Bg7 8. O-O O-O 9. Be3 e5 10. fxe5 dxe5 11. d5 Ng4 12. Qe2 Nxe3 13. Qxe3 Qb6 14. Qf2 Nc5 15. Rad1 a5 16. Bb1 f5 17. Kh1 f4 18. d6 Bd7 19. b3 h6 20. Bc2 g5 21. a3 Ra6 22. Rb1 Ne6 23. Qd2 g4 24. Nh4 Nd4 25. Na4 Qd8 26. Nf5 b6 27. Nxd4 exd4 28. Rxf4 Rxf4 29. Qxf4 Qg5 30. Qxg5 hxg5 31. c5 b5 32. Nb6 Be6 33. d7 Bf6 34. e5 Bd8 35. Rd1 Kf7 36. Rxd4 Ke7 37. Nc8+ Kf8 38. h3 g3 39. Kg1 b4 40. a4 Kf7 41. Kf1 Ra8 42. Ke2 Bc7 43. Kf3 Bxe5 44. d8=Q Bxd4 45. Qxd4 Rxc8 46. Qe5 Ke7 47. Kxg3 Rf8 48. Be4 Rf4 49. Qd6+ Kf7 50. Bxc6 Kf6 51. Bd7 Re4 52. c6 Re3+ 53. Kh2 Re5 54. c7 Rd5 55. Qxd5 Kg7 56. c8=Q Bxd5 57. Qc5 Kf6 58. Qxa5 Ke5 59. Qxb4 Bxb3 60. Qb5+ Kf6 61. Qxb3 Ke7 62. Qb5 Kd8 63. a5 Kc7 64. a6 Kd6 65. a7 Ke7 66. a8=Q g4 67. Qad5 g3+ 68. Kxg3 Kf6 69. Qe6+ Kg7 70. Qg5+ Kf8 71. Qge7# 1-0


[Site "https://www.chess.com"]

[Event "Titled Tuesday Blitz May 16 Early 2023"]
[White "Ismagilov, Damir"]
[Black "Toncheva, Nadya"]
[WhiteFideId "34199982"]
[BlackFideId "2924056"]
[WhiteElo "2143"]
[BlackElo "2101"]
[Result "0-1"]
[Round "11"]
[TimeControl "180+2"]
[Date "2023.05.16"]
[WhiteClock "0:00:07"]
[BlackClock "0:00:07"]

1. g4 c5 2. Bg2 d6 3. e4 e5 4. d3 Nc6 5. Nc3 g6 6. h4 Bg7 7. h5 g5 8. f3 h6 9. Nge2 Nge7 10. Ng3 O-O 11. Be3 b6 12. Qd2 d5 13. Bxg5 hxg5 14. Qxg5 f6 15. Qh4 Bh6 16. O-O Bg5 17. Qh3 Be6 18. Nce2 Qc7 19. Nf5 Bxf5 20. gxf5 dxe4 21. dxe4 Kh7 22. c3 Rad8 23. Ng3 Rg8 24. Kh1 Bf4 25. Ne2 Bg5 26. h6 Rd2 27. Ng3 Qd8 28. Nh5 Nc8 29. Rg1 Be3 30. Qh4 Rg5 31. Bh3 Bxg1 32. Rxg1 Rxg1+ 33. Kxg1 Rd1+ 34. Bf1 Rd6 35. Kf2 Kh8 36. Bc4 Qf8 37. Qg4 Rd2+ 38. Ke1 Rd7 39. Ng7 Nd6 40. Bd5 Ne7 41. Be6 Rd8 42. Qh5 Nc6 43. Bd5 Ne7 44. Ne6 Qf7 45. Qh4 Rg8 46. Ng7 Nxd5 47. exd5 Ne8 48. h7 Rxg7 49. d6 Nxd6 50. Qa4 Rxh7 51. Qc6 Rh1+ 52. Kf2 Nxf5 53. Qc8+ Kg7 54. Qxf5 Rh5 55. Qg4+ Rg5 56. Qc8 Kh6 57. Qh3+ Kg7 58. Qc8 Rh5 59. Qg4+ Kh7 60. Qc8 Rh2+ 61. Kg3 Rxb2 62. Qh3+ Kg7 63. Qc8 Rc2 64. Kh3 Qh5+ 65. Kg3 Qh2+ 66. Kg4 Rg2+ 67. Kf5 Qh3+ 68. Ke4 Qxc8 69. f4 exf4 70. Kxf4 Qc7+ 71. Kf3 Rg3+ 72. Ke4 Qe5# 0-1


[Site "https://www.chess.com"]

[Event "Titled Tuesday Blitz May 16 Early 2023"]
[White "Begunov, Konstantin"]
[Black "Camilla_Lee"]
[WhiteFideId "4118510"]
[WhiteElo "2050"]
[BlackElo "2593"]
[Result "0-1"]
[Round "11"]
[TimeControl "180+2"]
[Date "2023.05.16"]
[WhiteClock "0:00:00"]
[BlackClock "0:00:38"]

1. d4 Nf6 2. c4 g6 3. f3 d5 4. cxd5 Nxd5 5. e4 Nb6 6. Be3 Bg7 7. Nc3 O-O 8. Qd2 Nc6 9. O-O-O e5 10. d5 Nd4 11. Nb5 Nxb5 12. Bxb5 a6 13. Be2 Bd7 14. h4 c6 15. dxc6 Qc7 16. Bxb6 Qxc6+ 17. Kb1 Qxb6 18. Qxd7 Rfd8 19. Qa4 Qf2 20. Qc2 Rac8 21. Rxd8+ Rxd8 22. Nh3 Qxg2 23. Rd1 Rxd1+ 24. Qxd1 Qxh3 25. Qd8+ Bf8 26. Bc4 Qxf3 27. Qd5 Qf4 28. Qxb7 Kg7 29. a4 a5 30. Ka2 Bc5 31. Qc7 Bd4 32. Qxa5 Qxe4 0-1


[Site "https://www.chess.com"]

[Event "Titled Tuesday Blitz May 16 Early 2023"]
[White "Avazkhonov, Alikhon"]
[Black "Janaszak, Dawid"]
[WhiteFideId "14208504"]
[BlackFideId "1119206"]
[WhiteElo "1739"]
[BlackElo "2220"]
[Result "1-0"]
[Round "11"]
[TimeControl "180+2"]
[Date "2023.05.16"]
[WhiteClock "0:00:04"]
[BlackClock "0:00:03"]

1. e4 c5 2. Nf3 Nc6 3. d4 cxd4 4. Nxd4 g6 5. Nc3 Bg7 6. Be3 Nf6 7. Bc4 O-O 8. Qd2 Ng4 9. Nxc6 bxc6 10. Bd4 e5 11. Bc5 Re8 12. f3 Bh6 13. Qd3 d5 14. exd5 Bf5 15. Qe2 cxd5 16. Bxd5 Nf6 17. Bxa8 Qxa8 18. O-O Nh5 19. Be3 Bf8 20. Qc4 Be6 21. Qe4 Qb8 22. Qa4 Rc8 23. Rab1 a6 24. Rfd1 Nf6 25. Bg5 Nh5 26. Nd5 e4 27. Qxe4 Bd6 28. Nf6+ Nxf6 29. Bxf6 Bxh2+ 30. Kh1 Bf5 31. Qd5 Bxc2 32. Rbc1 Bxd1 33. Rxc8+ Qxc8 34. Kxh2 Ba4 35. Qd4 Qc7+ 36. Be5 Qd7 37. Qb4 Qb5 38. Qf4 Qc6 39. Bc3 f5 40. Qd4 Kf7 41. b3 Ke6 42. Qf6+ Kd5 43. bxa4 Qxa4 44. Qe5+ Kc6 45. Qe8+ Kc5 46. Qxa4 1-0


[Site "https://www.chess.com"]

[Event "Titled Tuesday Blitz May 16 Early 2023"]
[White "Sharapov, Evgeny"]
[Black "Kuznetsov, Mikhail"]
[WhiteFideId "14103133"]
[BlackFideId "4117190"]
[WhiteElo "2367"]
[BlackElo "1981"]
[Result "1-0"]
[Round "11"]
[TimeControl "180+2"]
[Date "2023.05.16"]
[WhiteClock "0:00:24"]
[BlackClock "0:00:11"]

1. e4 c6 2. d4 d5 3. e5 Bf5 4. Be3 e6 5. c4 Ne7 6. Nc3 dxc4 7. Bxc4 Nd5 8. Nge2 Nd7 9. O-O Be7 10. Ng3 Bg6 11. Nce4 O-O 12. Qg4 Rc8 13. Bg5 Bxg5 14. Nxg5 N7b6 15. Bb3 c5 16. dxc5 Rxc5 17. h4 Ne7 18. h5 Bf5 19. Nxf5 Nxf5 20. Nxe6 fxe6 21. Bxe6+ Kh8 22. Bxf5 Rxe5 23. Rad1 Qf6 24. Bb1 Rg5 25. Qe4 Rxh5 26. Rd3 Rh4 27. Rf3 Rxe4 28. Rxf6 Rxf6 29. Bxe4 Rf7 30. Rd1 g6 31. Rd8+ Kg7 32. Rb8 Nc4 33. Bd5 Rc7 34. Bxc4 Rxc4 35. Rxb7+ Kh6 36. Rxa7 Rc1+ 37. Kh2 Rc2 38. Rb7 Rxf2 39. a4 Kg5 40. a5 h5 41. a6 Rf6 42. a7 Ra6 43. b4 h4 44. Rb5+ Kg4 45. Ra5 Rxa7 46. Rxa7 g5 47. b5 Kh5 48. b6 g4 49. b7 g3+ 50. Kh3 Kg5 51. b8=Q Kf5 52. Qb5+ Ke4 53. Ra4+ Ke3 54. Qb3+ Kf2 55. Ra2+ Kg1 56. Qb1# 1-0


[Site "https://www.chess.com"]

[Event "Titled Tuesday Blitz May 16 Early 2023"]
[White "Yosha_Iglesias"]
[Black "Shvedova, Alexandra"]
[BlackFideId "54154782"]
[WhiteElo "2415"]
[BlackElo "1973"]
[Result "0-1"]
[Round "11"]
[TimeControl "180+2"]
[Date "2023.05.16"]
[WhiteClock "0:00:00"]
[BlackClock "0:00:26"]

1. d4 Nf6 2. Nf3 d5 3. e3 c6 4. c4 e6 5. Nbd2 Be7 6. Bd3 dxc4 7. Nxc4 b5 8. Nce5 Bb7 9. O-O a6 10. Bd2 c5 11. dxc5 Bxc5 12. Rc1 Bd6 13. Bc3 O-O 14. Ng5 h6 15. Ngxf7 Rxf7 16. Nxf7 Kxf7 17. e4 Nbd7 18. f4 Bxe4 19. Bxe4 Nxe4 20. f5 e5 21. Qh5+ Kg8 22. Kh1 Ndf6 23. Qg6 Qe8 24. Qxe8+ Rxe8 25. Ba5 Bc5 26. g3 Be3 27. Rc7 Nd5 28. Rb7 Bd4 29. b3 Ne3 30. Rc1 Nf2+ 31. Kg1 Nxf5 32. Kg2 Nd3 33. Rcc7 e4 34. g4 Ne3+ 35. Kh3 Be5 36. Rd7 Nf2+ 37. Kh4 Ng2+ 38. Kh5 Nf4+ 39. Kh4 e3 40. Bc7 Bf6+ 41. Kg3 Ne2+ 42. Kg2 Nxg4 0-1


[Site "https://www.chess.com"]

[Event "Titled Tuesday Blitz May 16 Early 2023"]
[White "Shuvalov, Evgenij"]
[Black "Omariev, Maksim"]
[WhiteFideId "4187237"]
[BlackFideId "4193423"]
[WhiteElo "2080"]
[BlackElo "2423"]
[Result "1-0"]
[Round "11"]
[TimeControl "180+2"]
[Date "2023.05.16"]
[WhiteClock "0:00:17"]
[BlackClock "0:00:00"]

1. d4 h5 2. e4 h4 3. c4 d6 4. h3 e5 5. Nf3 Nc6 6. Be3 exd4 7. Nxd4 Nge7 8. Nc3 Nxd4 9. Bxd4 Nc6 10. Be3 Be7 11. Qd2 Be6 12. Be2 Bf6 13. Rc1 Ne7 14. Bd4 Ng6 15. Bxf6 Qxf6 16. Nd5 Bxd5 17. cxd5 Qe7 18. Bb5+ Kd8 19. O-O Qxe4 20. Rfe1 Qf4 21. Qa5 Rc8 22. Qxa7 Qg5 23. Qe3 Qxe3 24. Rxe3 Ne5 25. f4 Nd7 26. Rce1 1-0


[Site "https://www.chess.com"]

[Event "Titled Tuesday Blitz May 16 Early 2023"]
[White "Estrada Nieto, Julian"]
[Black "Pandey Srishti"]
[WhiteFideId "5101018"]
[BlackFideId "35093290"]
[WhiteElo "2161"]
[BlackElo "2123"]
[Result "0-1"]
[Round "11"]
[TimeControl "180+2"]
[Date "2023.05.16"]
[WhiteClock "0:00:00"]
[BlackClock "0:00:13"]

1. e4 e5 2. Nf3 Nc6 3. Bb5 a6 4. Ba4 Nf6 5. O-O Be7 6. Re1 b5 7. Bb3 O-O 8. a4 Rb8 9. axb5 axb5 10. c3 d5 11. exd5 Nxd5 12. Nxe5 Nxe5 13. Rxe5 c6 14. d4 Bd6 15. Re1 Qh4 16. g3 Qh3 17. Qd3 Bf5 18. Qf1 Qh5 19. Nd2 Rfe8 20. Bd1 Qg6 21. Nf3 Bd3 22. Be2 Be4 23. Bd2 Qf6 24. Nh4 g5 25. Ng2 Qg6 26. Ra6 h5 27. f3 Bc2 28. Rxc6 h4 29. f4 h3 30. Bf3 hxg2 31. Qxg2 Rxe1+ 32. Bxe1 Ne7 33. Ra6 gxf4 34. gxf4 Qxg2+ 35. Kxg2 Bxf4 36. Bh4 Ng6 37. Bf6 Bc1 38. Ra7 Bb3 39. Kg3 Bxb2 40. d5 b4 41. d6 Be6 42. d7 bxc3 43. d8=Q+ Rxd8 44. Bxd8 c2 45. Bg5 c1=Q 46. Ra8+ Kg7 47. Bxc1 Bxc1 48. h4 Bf4+ 49. Kf2 Nxh4 50. Ra4 Ng6 51. Be4 Bd6 52. Bxg6 Kxg6 53. Ra5 Bb4 54. Ra6 Bc5+ 55. Kf3 Kf5 56. Rc6 Bd4 57. Rc7 Be5 58. Ke2 Bxc7 59. Kd3 Ke5 0-1


[Site "https://www.chess.com"]

[Event "Titled Tuesday Blitz May 16 Early 2023"]
[White "Petrova, Irina"]
[Black "Chernomordik, Pavel"]
[WhiteFideId "14124122"]
[BlackFideId "2804530"]
[WhiteElo "2084"]
[BlackElo "2193"]
[Result "1-0"]
[Round "11"]
[TimeControl "180+2"]
[Date "2023.05.16"]
[WhiteClock "0:00:17"]
[BlackClock "0:00:00"]

1. e4 g6 2. d4 Bg7 3. Nc3 d6 4. Be3 a6 5. Qd2 b5 6. h4 h6 7. f3 Bb7 8. O-O-O Nd7 9. Nh3 e6 10. Nf4 Nb6 11. Kb1 b4 12. Nce2 Nc4 13. Qc1 Nxe3 14. Qxe3 Nf6 15. Nc1 Nd7 16. Bc4 Nb6 17. Bb3 a5 18. Ncd3 a4 19. Bxe6 fxe6 20. Nxe6 Qe7 21. d5 Bf6 22. Ndf4 Kf7 23. h5 g5 24. Ng6 Qd7 25. f4 Nc4 26. Qf3 g4 27. Qxg4 Ne3 28. Nxh8+ Rxh8 29. Qg6+ Ke7 30. Rde1 Nc4 31. e5 dxe5 32. fxe5 Nxe5 33. Rxe5 Bxe5 34. Rf1 Qxd5 35. Qf7+ Kd6 36. Qxc7+ Kxe6 37. Qf7+ 1-0


[Site "https://www.chess.com"]

[Event "Titled Tuesday Blitz May 16 Early 2023"]
[White "Bilan, Danila"]
[Black "Tarasova, Viktoriya"]
[WhiteFideId "24161918"]
[BlackFideId "4175840"]
[WhiteElo "2182"]
[BlackElo "2182"]
[Result "0-1"]
[Round "11"]
[TimeControl "180+2"]
[Date "2023.05.16"]
[WhiteClock "0:00:00"]
[BlackClock "0:00:25"]

1. d4 Nf6 2. Nf3 e6 3. g3 b6 4. Bg2 Bb7 5. O-O c5 6. c4 cxd4 7. Qxd4 Nc6 8. Qd1 Be7 9. Nc3 d6 10. Bf4 a6 11. Qd2 Qc7 12. Rad1 Rd8 13. Rfe1 O-O 14. e4 Ne5 15. b3 Nfd7 16. h3 f5 17. Ng5 Nc5 18. b4 h6 19. bxc5 hxg5 20. cxb6 Qxc4 21. Be3 f4 22. Bd4 fxg3 23. fxg3 Nf3+ 24. Bxf3 Rxf3 25. Re3 Rdf8 26. Kg2 R3f7 27. Ne2 e5 28. Ba1 Bxe4+ 29. Kg1 Ba8 30. Nc3 d5 31. Nxd5 Bc5 0-1


[Site "https://www.chess.com"]

[Event "Titled Tuesday Blitz May 16 Early 2023"]
[White "Melikhov, Evgeny V."]
[Black "Ladan, Nicholas"]
[WhiteFideId "4122046"]
[BlackFideId "30918855"]
[WhiteElo "2158"]
[BlackElo "2167"]
[Result "1-0"]
[Round "11"]
[TimeControl "180+2"]
[Date "2023.05.16"]
[WhiteClock "0:00:08"]
[BlackClock "0:00:58"]

1. d4 d5 2. c4 e6 3. Nc3 c6 4. e3 Nf6 5. Nf3 Nbd7 6. Bd3 Bd6 7. O-O O-O 8. e4 dxe4 9. Nxe4 Nxe4 10. Bxe4 f5 11. Bc2 Nf6 12. Qe2 b6 13. Rd1 Re8 14. Ne5 Bb7 15. c5 Bc7 16. Bg5 h6 17. Bf4 Nd5 18. Bd2 Qf6 19. a4 bxc5 20. Nd7 Qf7 21. Nxc5 Bc8 22. Ra3 e5 23. Re1 e4 24. f3 Qf6 25. Qc4 Qh4 26. h3 Kh8 27. fxe4 fxe4 28. Rxe4 Rxe4 29. Bxe4 Nf4 30. Rf3 g5 31. Qf7 Ne2+ 32. Kf1 Ng3+ 33. Rxg3 Qxg3 34. Qh7# 1-0


[Site "https://www.chess.com"]

[Event "Titled Tuesday Blitz May 16 Early 2023"]
[White "Yurasova, Daria"]
[Black "Buchenau, Frank"]
[WhiteFideId "34146919"]
[BlackFideId "4604350"]
[WhiteElo "2109"]
[BlackElo "2157"]
[Result "1-0"]
[Round "11"]
[TimeControl "180+2"]
[Date "2023.05.16"]
[WhiteClock "0:00:31"]
[BlackClock "0:00:00"]

1. d4 e6 2. c4 Nf6 3. Nf3 b6 4. g3 Bb7 5. Bg2 Be7 6. O-O O-O 7. Nc3 Ne4 8. Qc2 Nxc3 9. bxc3 Nc6 10. a4 d6 11. e4 Na5 12. Nd2 e5 13. Ba3 Bg5 14. Rfd1 Bxd2 15. Qxd2 Nb3 16. Qc2 Nxa1 17. Rxa1 c5 18. d5 Bc8 19. Bc1 f5 20. a5 bxa5 21. Qa4 Rb8 22. f4 Bd7 23. Qa2 a4 24. fxe5 dxe5 25. Be3 Qb6 26. Qa3 Rfc8 27. Bh3 g6 28. Rf1 Qb3 29. Qa1 Qxc4 30. exf5 Qe4 31. Bh6 Bxf5 32. Bxf5 gxf5 33. Qc1 f4 34. Qd1 Rd8 35. gxf4 Qg6+ 36. Bg5 h6 37. Kh1 Rb2 38. f5 Qh5 39. Qxh5 1-0


[Site "https://www.chess.com"]

[Event "Titled Tuesday Blitz May 16 Early 2023"]
[White "Marcziter, Dmitrii"]
[Black "Grossboss19"]
[WhiteFideId "13900765"]
[WhiteElo "2162"]
[BlackElo "2433"]
[Result "1-0"]
[Round "11"]
[TimeControl "180+2"]
[Date "2023.05.16"]
[WhiteClock "0:00:32"]
[BlackClock "0:00:04"]

1. d4 Nf6 2. Nf3 g6 3. c4 Bg7 4. g3 O-O 5. Bg2 c6 6. Nc3 d5 7. cxd5 cxd5 8. Ne5 e6 9. O-O Nfd7 10. Nf3 Nc6 11. Bf4 a6 12. Qd2 b5 13. Rac1 Bb7 14. Bh6 Rc8 15. Bxg7 Kxg7 16. e4 Nb6 17. e5 Nc4 18. Qe2 Qb6 19. Rfd1 Ne7 20. b3 Na5 21. h4 Rc7 22. Nb1 Rfc8 23. Qd2 Ng8 24. h5 Nc6 25. Nc3 Nce7 26. Ne2 Nf5 27. g4 Nfe7 28. Nf4 Rxc1 29. Rxc1 Rxc1+ 30. Qxc1 Nc6 31. Ne2 Qa5 32. Qf4 Nd8 33. Ng3 h6 34. g5 hxg5 35. Nxg5 Qa3 36. h6+ Kh8 37. Nxf7+ Nxf7 38. Qxf7 Qe7 39. Qxg6 Bc6 40. Nh5 Be8 41. Qg7+ Qxg7 42. Nxg7 Kh7 43. Nxe8 Nxh6 44. Nc7 Nf5 45. Nxe6 Kg6 46. Bxd5 Nh4 47. Be4+ Kf7 48. Nc7 Ke7 49. Nxa6 1-0


[Site "https://www.chess.com"]

[Event "Titled Tuesday Blitz May 16 Early 2023"]
[White "Prieto Aranguren, Alain"]
[Black "Weetik, Vjacheslav"]
[WhiteFideId "2268906"]
[BlackFideId "4153472"]
[WhiteElo "2209"]
[BlackElo "2469"]
[Result "0-1"]
[Round "11"]
[TimeControl "180+2"]
[Date "2023.05.16"]
[WhiteClock "0:01:59"]
[BlackClock "0:01:54"]

1. d4 Nf6 2. c4 g6 3. Nc3 Bg7 4. e4 d6 5. Be2 O-O 6. Nf3 e5 7. dxe5 dxe5 8. Qxd8 Rxd8 9. Bg5 Re8 10. Nd5 Nxd5 11. cxd5 c6 12. Bc4 cxd5 13. Bxd5 Nd7 14. O-O h6 15. Be3 Nf6 16. Rfd1 Nxd5 17. Rxd5 b6 18. a4 Bb7 19. Rb5 Bxe4 20. a5 Bd3 21. Rb3 e4 22. axb6 axb6 23. Raa3 Bc2 24. Nd4 Bxd4 0-1


[Site "https://www.chess.com"]

[Event "Titled Tuesday Blitz May 16 Early 2023"]
[White "Matveeva, Olga"]
[Black "Bartel, Michal"]
[WhiteFideId "24107018"]
[BlackFideId "1119257"]
[WhiteElo "2009"]
[BlackElo "2282"]
[Result "1-0"]
[Round "11"]
[TimeControl "180+2"]
[Date "2023.05.16"]
[WhiteClock "0:01:42"]
[BlackClock "0:01:35"]

1. d4 Nf6 2. c4 c5 3. d5 e6 4. Nc3 exd5 5. cxd5 d6 6. e4 g6 7. h3 Bg7 8. Bd3 O-O 9. Nf3 Re8 10. O-O c4 11. Bc2 b5 12. Nxb5 Nxe4 13. Re1 Nf6 14. Bg5 Rxe1+ 15. Qxe1 Na6 16. Nfd4 Bb7 17. Nc6 Qb6 18. Nxd6 Bxc6 19. dxc6 Qxc6 20. Qe7 Nd5 21. Qxf7+ Kh8 22. Qe6 Nac7 23. Nf7+ Kg8 24. Nh6+ Kh8 25. Qg8+ Rxg8 26. Nf7# 1-0


[Site "https://www.chess.com"]

[Event "Titled Tuesday Blitz May 16 Early 2023"]
[White "Llanos, Guillermo"]
[Black "Seinw1"]
[WhiteFideId "100358"]
[WhiteElo "2225"]
[BlackElo "2531"]
[Result "0-1"]
[Round "11"]
[TimeControl "180+2"]
[Date "2023.05.16"]
[WhiteClock "0:00:54"]
[BlackClock "0:00:27"]

1. Nf3 Nf6 2. g3 g6 3. Bg2 Bg7 4. b3 O-O 5. Bb2 d6 6. d4 Nbd7 7. O-O Re8 8. c4 c6 9. Nc3 e5 10. e4 Qc7 11. Qc2 b6 12. Rad1 Bb7 13. d5 cxd5 14. exd5 Rac8 15. Ng5 h6 16. Nh3 Nc5 17. f4 e4 18. f5 g5 19. Rde1 Nd3 20. Re2 Nxb2 21. Qxb2 Nxd5 22. cxd5 Bxc3 23. Qb1 Ba6 24. Rxe4 Bxf1 25. Bxf1 Rxe4 26. Qxe4 Bf6 27. Bd3 Qc1+ 28. Kg2 Qb2+ 29. Kf3 Qd4 30. Nf2 Qxe4+ 31. Nxe4 Be5 32. Bc4 b5 33. Bxb5 Rc2 34. h4 gxh4 35. gxh4 Rxa2 36. Ba4 f6 37. Kg4 Kg7 38. Kh5 Re2 0-1


[Site "https://www.chess.com"]

[Event "Titled Tuesday Blitz May 16 Early 2023"]
[White "Hajiyev, Kanan"]
[Black "Dishman, Stephen"]
[WhiteFideId "13404148"]
[BlackFideId "403024"]
[WhiteElo "2103"]
[BlackElo "2204"]
[Result "0-1"]
[Round "11"]
[TimeControl "180+2"]
[Date "2023.05.16"]
[WhiteClock "0:00:17"]
[BlackClock "0:01:06"]

1. d4 d5 2. c4 c6 3. cxd5 cxd5 4. Nc3 Nf6 5. Nf3 Nc6 6. Bg5 Ne4 7. Bf4 Nxc3 8. bxc3 Bf5 9. Qb3 Qd7 10. e3 a6 11. Be2 h6 12. O-O e6 13. Qb6 Be7 14. c4 dxc4 15. Bxc4 O-O 16. a4 Bd6 17. Bxd6 Qxd6 18. Ne5 Rfc8 19. Rfc1 Qc7 20. Qxc7 Rxc7 21. Bd3 Nxe5 22. Bxf5 Rxc1+ 23. Rxc1 exf5 24. dxe5 Rd8 25. f4 Rd3 26. Kf2 Ra3 27. Rc8+ Kh7 28. Rc7 Kg6 29. Rxb7 Rxa4 30. Rb6+ Kh7 31. Rb7 Kg6 32. Rb6+ Kh7 33. Kf3 h5 34. Kg3 Ra3 35. Rxa6 Rxa6 36. Kh4 Kg6 37. Kg3 Ra2 38. h3 h4+ 0-1


[Site "https://www.chess.com"]

[Event "Titled Tuesday Blitz May 16 Early 2023"]
[White "Mayeregger, Arnold"]
[Black "Szente Varga, Fruzsina"]
[WhiteFideId "3705226"]
[BlackFideId "712264"]
[WhiteElo "2038"]
[BlackElo "1994"]
[Result "1-0"]
[Round "11"]
[TimeControl "180+2"]
[Date "2023.05.16"]
[WhiteClock "0:02:32"]
[BlackClock "0:02:09"]

1. d4 Nf6 2. c4 g6 3. Nc3 Bg7 4. e4 d6 5. Nf3 O-O 6. Be2 e5 7. O-O Nc6 8. d5 Ne7 9. Be3 Nd7 10. Nd2 f5 11. f3 f4 12. Bf2 Nf6 13. c5 g5 14. Nc4 Ng6 15. cxd6 cxd6 16. Nb5 Ne8 17. Bxa7 Rf7 18. Bb6 Qf6 19. Bf2 Bf8 20. Nb6 Bd7 21. Nxa8 1-0


[Site "https://www.chess.com"]